[ AOE2 MATCH · #466556732 ]
UnrankedPortuguese vs Vikings
Player's team · LOSS
[ REPLAY ANALYSIS · EXTRACTED FROM THE RECORDED GAME ]
Feudal
10:36
Castle
25:25
Imperial
73:04
| APM avg | 16.5 |
| APM peak | 51 |
| eAPM avg | 9.2 |
| Villagers / military | 84 / 149 |
Focus
⚔️ 37.3% · 🌾 62.7%
Militia ×54 · Knight ×37 · Organ Gun ×36 · Spearman ×13 · Trade Cart ×10 · Trebuchet (Packed) ×5
Feudal
14:06
Castle
17:36
Imperial
22:26
| APM avg | 36.4 |
| APM peak | 84 |
| eAPM avg | 17.3 |
| Villagers / military | 162 / 286 |
Focus
⚔️ 38.5% · 🌾 61.5%
Cavalry Archer ×169 · Hand Cannoneer ×82 · Scout Cavalry ×26 · Bombard Cannon ×8 · Archer ×1
Feudal
10:46
Castle
15:35
Imperial
—
| APM avg | 19.0 |
| APM peak | 46 |
| eAPM avg | 11.2 |
| Villagers / military | 164 / 196 |
Focus
⚔️ 30.9% · 🌾 69.1%
Mangudai ×195 · Scout Cavalry ×1
Feudal
11:58
Castle
26:03
Imperial
60:58
| APM avg | 18.0 |
| APM peak | 102 |
| eAPM avg | 9.0 |
| Villagers / military | 76 / 131 |
Focus
⚔️ 41.5% · 🌾 58.5%
Knight ×94 · Unknown (882) ×36 · Cavalry Archer ×17 · Trade Cart ×16 · Genoese Crossbowman ×14 · Spearman ×6
Feudal
—
Castle
—
Imperial
—
| APM avg | 8.6 |
| APM peak | 29 |
| eAPM avg | 5.6 |
| Villagers / military | 83 / 75 |
Focus
⚔️ 31.8% · 🌾 68.2%
Samurai ×61 · Knight ×10 · Militia ×2 · Scout Cavalry ×2
Feudal
—
Castle
—
Imperial
—
| APM avg | 862.0 |
| APM peak | 6646 |
| eAPM avg | 861.6 |
| Villagers / military | 0 / 369 |
Focus
⚔️ 67.5% · 🌾 32.5%
Militia ×82 · Spearman ×77 · Scorpion ×47 · Knight ×38 · Archer ×36 · Scout Cavalry ×35
Feudal
—
Castle
—
Imperial
—
| APM avg | 903.4 |
| APM peak | 7040 |
| eAPM avg | 902.9 |
| Villagers / military | 0 / 93 |
Focus
⚔️ 91.1% · 🌾 8.9%
Scout Cavalry ×25 · Spearman ×18 · Knight ×14 · Monk ×10 · Archer ×10 · Skirmisher ×8
Feudal
—
Castle
—
Imperial
—
| APM avg | 1163.9 |
| APM peak | 7607 |
| eAPM avg | 1163.4 |
| Villagers / military | 0 / 838 |
Focus
⚔️ 61.1% · 🌾 38.9%
Militia ×305 · Spearman ×218 · Archer ×132 · Mangonel ×71 · Eagle Scout ×39 · Battering Ram ×33
Match map
Initial resources + every placement click. Lines = walls · curves = elevation contours. ◆ gold · ⬟ stone · ● berries · ✦ relic · ◌ wall gap
Inputs per minute
— gigathib - - AOKI_JunioR
Build order — gigathib
First 150 of 373 actions detected
| 0:04 | Build | House |
| 0:07 | Build | House |
| 0:10 | Create | Villager (Male) |
| 0:10 | Create | Villager (Male) |
| 0:11 | Create | Villager (Male) |
| 1:10 | Research | Loom |
| 1:42 | Create | Villager (Male) |
| 1:52 | Create | Villager (Male) |
| 2:22 | Build | Lumber Camp |
| 2:27 | Create | Villager (Male) |
| 2:52 | Create | Villager (Male) |
| 3:12 | Create | Villager (Male) |
| 3:29 | Build | House |
| 3:41 | Create | Villager (Male) |
| 4:09 | Create | Villager (Male) |
| 4:40 | Create | Villager (Male) |
| 4:49 | Build | Mill |
| 5:12 | Create | Villager (Male) |
| 5:17 | Create | Villager (Male) |
| 5:51 | Create | Villager (Male) |
| 6:52 | Create | Villager (Male) |
| 7:15 | Create | Villager (Male) |
| 7:30 | Build | House |
| 7:39 | Create | Villager (Male) |
| 7:50 | Build | Mining Camp |
| 8:23 | Research | Feudal Age |
| 8:55 | Build | Lumber Camp |
| 9:34 | Build | Barracks |
| 9:56 | Build | House |
| 10:00 | Build | House |
| 10:25 | Create | Villager (Male) |
| 10:36 | Age | Feudal Age |
| 10:44 | Create | Villager (Male) |
| 10:55 | Research | Horse Collar |
| 11:16 | Build | Blacksmith |
| 11:22 | Create | Villager (Male) |
| 11:38 | Build | Palisade Wall |
| 11:50 | Create | Villager (Male) |
| 11:58 | Build | Farm |
| 12:04 | Create | Villager (Male) |
| 12:26 | Build | Stable |
| 12:35 | Create | Villager (Male) |
| 12:47 | Build | Farm |
| 13:03 | Build | Farm |
| 13:20 | Build | Farm |
| 13:24 | Build | Farm |
| 13:49 | Build | Palisade Wall |
| 13:59 | Build | Farm |
| 14:01 | Build | Farm |
| 14:18 | Build | House |
| 14:30 | Build | Palisade Wall |
| 14:40 | Build | Farm |
| 14:46 | Build | Farm |
| 14:52 | Build | Farm |
| 15:02 | Create | Villager (Male) |
| 15:12 | Research | Forging |
| 15:31 | Research | Bloodlines |
| 15:33 | Create | Scout Cavalry |
| 15:39 | Research | Wheelbarrow |
| 15:45 | Build | Farm |
| 15:53 | Create | Villager (Male) |
| 16:11 | Build | Farm |
| 16:12 | Build | Farm |
| 16:15 | Build | Farm |
| 16:38 | Build | Palisade Wall |
| 16:46 | Create | Villager (Male) |
| 17:12 | Create | Scout Cavalry |
| 17:18 | Create | Villager (Male) |
| 17:46 | Build | Building 800 |
| 17:58 | Create | Villager (Male) |
| 18:02 | Build | Farm |
| 18:12 | Build | House |
| 18:25 | Create | Scout Cavalry |
| 18:30 | Create | Villager (Male) |
| 18:37 | Build | Farm |
| 18:43 | Create | Villager (Male) |
| 19:10 | Create | Villager (Male) |
| 19:17 | Build | Farm |
| 19:27 | Build | Farm |
| 19:46 | Build | Farm |
| 20:02 | Research | Double-Bit Axe |
| 20:17 | Create | Villager (Male) |
| 20:53 | Build | Farm |
| 20:58 | Build | Farm |
| 21:33 | Build | Market |
| 21:45 | Create | Spearman |
| 21:46 | Create | Spearman |
| 21:47 | Create | Spearman |
| 22:21 | Create | Spearman |
| 22:33 | Build | Lumber Camp |
| 22:39 | Create | Spearman |
| 22:45 | Research | Castle Age |
| 22:50 | Research | Scale Barding Armor |
| 23:07 | Create | Spearman |
| 23:09 | Research | Man-at-Arms (upgrade) |
| 23:24 | Build | House |
| 23:32 | Research | Gold Mining |
| 23:42 | Build | House |
| 24:03 | Create | Spearman |
| 24:35 | Create | Spearman |
| 24:41 | Create | Scout Cavalry |
| 25:11 | Build | House |
| 25:15 | Create | Villager (Male) |
| 25:15 | Create | Villager (Male) |
| 25:25 | Age | Castle Age |
| 26:12 | Research | Husbandry |
| 26:14 | Create | Knight |
| 26:57 | Build | Building 804 |
| 27:15 | Create | Knight |
| 27:21 | Research | Pikeman (upgrade) |
| 27:44 | Build | Siege Workshop |
| 27:49 | Build | Stable |
| 27:56 | Create | Villager (Male) |
| 27:57 | Research | Hand Cart |
| 27:58 | Create | Villager (Male) |
| 28:07 | Create | Knight |
| 28:08 | Create | Knight |
| 28:15 | Create | Knight |
| 28:23 | Create | Villager (Male) |
| 28:49 | Build | Town Center |
| 29:07 | Create | Knight |
| 29:46 | Build | Mining Camp |
| 29:54 | Create | Knight |
| 29:55 | Create | Knight |
| 30:01 | Build | Stable |
| 30:40 | Create | Knight |
| 31:06 | Create | Knight |
| 31:06 | Create | Knight |
| 31:25 | Create | Villager (Male) |
| 31:25 | Create | Villager (Male) |
| 31:45 | Create | Knight |
| 31:46 | Create | Knight |
| 31:46 | Create | Knight |
| 32:08 | Build | Stable |
| 32:20 | Build | Mining Camp |
| 32:24 | Create | Villager (Male) |
| 32:24 | Create | Villager (Male) |
| 32:24 | Create | Villager (Male) |
| 32:25 | Create | Villager (Male) |
| 32:53 | Create | Knight |
| 32:53 | Create | Knight |
| 32:54 | Create | Knight |
| 32:54 | Create | Knight |
| 32:54 | Create | Knight |
| 33:14 | Research | Chain Barding Armor |
| 33:19 | Build | House |
| 33:22 | Build | House |
| 33:23 | Build | House |
| 33:25 | Build | House |
| 33:27 | Build | House |
Build order — AOKI_JunioR
First 150 of 623 actions detected
| 0:00 | Create | Villager (Male) |
| 0:00 | Create | Villager (Male) |
| 0:01 | Create | Villager (Male) |
| 0:02 | Build | House |
| 0:05 | Build | House |
| 0:09 | Create | Villager (Male) |
| 1:32 | Create | Villager (Male) |
| 1:45 | Build | Lumber Camp |
| 1:59 | Create | Villager (Male) |
| 2:18 | Create | Villager (Male) |
| 2:45 | Create | Villager (Male) |
| 3:05 | Create | Villager (Male) |
| 3:33 | Create | Villager (Male) |
| 3:58 | Create | Villager (Male) |
| 4:16 | Build | Mill |
| 4:28 | Create | Villager (Male) |
| 4:36 | Build | House |
| 4:38 | Research | Loom |
| 4:39 | Create | Villager (Male) |
| 5:03 | Create | Villager (Male) |
| 5:47 | Create | Villager (Male) |
| 6:12 | Create | Villager (Male) |
| 6:12 | Create | Villager (Male) |
| 6:55 | Create | Villager (Male) |
| 6:55 | Create | Villager (Male) |
| 6:58 | Build | House |
| 7:04 | Build | House |
| 7:28 | Build | Mill |
| 7:43 | Create | Villager (Male) |
| 7:44 | Create | Villager (Male) |
| 7:45 | Create | Villager (Male) |
| 9:03 | Create | Villager (Male) |
| 9:04 | Create | Villager (Male) |
| 9:05 | Create | Villager (Male) |
| 9:06 | Create | Villager (Male) |
| 9:07 | Create | Villager (Male) |
| 9:07 | Create | Villager (Male) |
| 9:18 | Build | House |
| 9:56 | Build | Mining Camp |
| 10:32 | Build | Farm |
| 10:32 | Build | Farm |
| 10:32 | Build | Farm |
| 10:32 | Build | Farm |
| 10:32 | Build | Farm |
| 10:33 | Build | Farm |
| 10:37 | Research | Feudal Age |
| 11:59 | Build | House |
| 12:04 | Create | Villager (Male) |
| 12:05 | Create | Villager (Male) |
| 14:06 | Age | Feudal Age |
| 14:07 | Build | Market |
| 14:10 | Build | Blacksmith |
| 14:30 | Build | Mill |
| 14:40 | Research | Double-Bit Axe |
| 14:52 | Research | Castle Age |
| 14:59 | Create | Villager (Male) |
| 14:59 | Create | Villager (Male) |
| 15:33 | Build | Barracks |
| 16:10 | Build | Farm |
| 16:11 | Build | Farm |
| 16:11 | Build | Farm |
| 16:12 | Build | Farm |
| 17:36 | Age | Castle Age |
| 17:41 | Build | Siege Workshop |
| 18:14 | Build | Monastery |
| 18:23 | Create | Villager (Male) |
| 18:35 | Build | House |
| 18:51 | Create | Villager (Male) |
| 18:59 | Research | Imperial Age |
| 18:59 | Research | Imperial Age |
| 19:30 | Research | Bow Saw |
| 19:41 | Build | House |
| 20:10 | Build | Farm |
| 20:10 | Build | Farm |
| 20:19 | Build | Farm |
| 20:19 | Build | Farm |
| 20:26 | Build | House |
| 20:41 | Build | Farm |
| 20:49 | Create | Villager (Male) |
| 20:50 | Create | Villager (Male) |
| 21:11 | Build | Archery Range |
| 21:51 | Build | Archery Range |
| 22:26 | Age | Imperial Age |
| 22:31 | Create | Bombard Cannon |
| 22:34 | Create | Hand Cannoneer |
| 22:34 | Create | Hand Cannoneer |
| 22:34 | Create | Hand Cannoneer |
| 22:55 | Create | Hand Cannoneer |
| 22:56 | Create | Hand Cannoneer |
| 22:56 | Create | Hand Cannoneer |
| 22:59 | Build | House |
| 23:00 | Build | House |
| 23:06 | Create | Villager (Male) |
| 23:12 | Create | Archer |
| 23:14 | Create | Hand Cannoneer |
| 23:16 | Create | Bombard Cannon |
| 23:33 | Create | Villager (Male) |
| 23:35 | Research | Horse Collar |
| 23:41 | Create | Hand Cannoneer |
| 23:42 | Create | Hand Cannoneer |
| 23:53 | Research | Padded Archer Armor |
| 23:57 | Build | Farm |
| 24:00 | Create | Villager (Male) |
| 24:00 | Create | Villager (Male) |
| 24:10 | Research | Wheelbarrow |
| 24:14 | Build | Farm |
| 24:20 | Create | Hand Cannoneer |
| 24:20 | Create | Hand Cannoneer |
| 25:12 | Create | Hand Cannoneer |
| 25:12 | Create | Hand Cannoneer |
| 25:13 | Create | Hand Cannoneer |
| 25:13 | Create | Hand Cannoneer |
| 25:38 | Create | Villager (Male) |
| 25:38 | Create | Villager (Male) |
| 25:40 | Build | Farm |
| 26:48 | Create | Bombard Cannon |
| 26:48 | Create | Bombard Cannon |
| 26:52 | Create | Hand Cannoneer |
| 26:52 | Create | Hand Cannoneer |
| 26:52 | Create | Hand Cannoneer |
| 26:52 | Create | Hand Cannoneer |
| 26:52 | Create | Hand Cannoneer |
| 27:11 | Create | Villager (Male) |
| 27:12 | Create | Villager (Male) |
| 27:12 | Create | Villager (Male) |
| 27:12 | Create | Villager (Male) |
| 27:14 | Build | Farm |
| 27:37 | Build | House |
| 27:39 | Build | House |
| 27:39 | Build | House |
| 27:40 | Build | House |
| 27:40 | Build | House |
| 28:43 | Create | Hand Cannoneer |
| 28:44 | Create | Hand Cannoneer |
| 28:44 | Create | Hand Cannoneer |
| 28:44 | Create | Hand Cannoneer |
| 28:44 | Create | Hand Cannoneer |
| 28:44 | Create | Hand Cannoneer |
| 28:45 | Create | Hand Cannoneer |
| 28:50 | Create | Villager (Male) |
| 28:51 | Create | Villager (Male) |
| 28:51 | Create | Villager (Male) |
| 28:51 | Create | Villager (Male) |
| 28:54 | Build | Farm |
| 28:56 | Build | Farm |
| 29:42 | Build | University |
| 29:50 | Build | Town Center |
| 30:13 | Create | Hand Cannoneer |
| 30:13 | Create | Hand Cannoneer |
| 30:13 | Create | Hand Cannoneer |
Build order — bisonfufu
First 150 of 402 actions detected
| 0:04 | Build | House |
| 0:07 | Build | House |
| 0:08 | Create | Villager (Male) |
| 0:08 | Create | Villager (Male) |
| 0:09 | Create | Villager (Male) |
| 0:09 | Create | Villager (Male) |
| 1:38 | Create | Villager (Male) |
| 1:59 | Build | Lumber Camp |
| 2:05 | Create | Villager (Male) |
| 2:31 | Create | Villager (Male) |
| 2:54 | Create | Villager (Male) |
| 3:17 | Create | Villager (Male) |
| 3:34 | Build | House |
| 3:52 | Create | Villager (Male) |
| 4:01 | Build | Mill |
| 4:19 | Create | Villager (Male) |
| 4:54 | Create | Villager (Male) |
| 5:12 | Create | Villager (Male) |
| 5:38 | Create | Villager (Male) |
| 5:52 | Build | House |
| 6:03 | Create | Villager (Male) |
| 6:04 | Create | Villager (Male) |
| 6:37 | Build | Lumber Camp |
| 7:01 | Create | Villager (Male) |
| 7:01 | Create | Villager (Male) |
| 7:02 | Create | Villager (Male) |
| 7:32 | Build | Mining Camp |
| 7:33 | Create | Villager (Male) |
| 7:54 | Research | Loom |
| 8:02 | Research | Feudal Age |
| 8:39 | Build | Farm |
| 8:40 | Build | Farm |
| 9:06 | Build | House |
| 9:31 | Build | Farm |
| 9:32 | Build | Farm |
| 9:34 | Build | Farm |
| 9:36 | Build | Farm |
| 10:46 | Age | Feudal Age |
| 10:52 | Build | Blacksmith |
| 11:53 | Build | Market |
| 12:55 | Research | Castle Age |
| 13:06 | Build | Mining Camp |
| 13:25 | Research | Double-Bit Axe |
| 13:37 | Research | Horse Collar |
| 14:27 | Build | House |
| 14:40 | Build | House |
| 14:57 | Build | Farm |
| 15:17 | Build | House |
| 15:23 | Build | House |
| 15:25 | Build | House |
| 15:33 | Build | House |
| 15:34 | Build | House |
| 15:35 | Age | Castle Age |
| 15:36 | Build | House |
| 15:53 | Build | Watch Tower |
| 16:00 | Build | House |
| 16:02 | Build | House |
| 16:04 | Build | House |
| 16:28 | Build | House |
| 16:29 | Build | House |
| 16:31 | Build | House |
| 16:33 | Build | House |
| 17:03 | Create | Villager (Male) |
| 17:03 | Create | Villager (Male) |
| 17:04 | Create | Villager (Male) |
| 17:05 | Create | Villager (Male) |
| 17:05 | Create | Villager (Male) |
| 17:05 | Create | Villager (Male) |
| 18:34 | Create | Villager (Male) |
| 18:34 | Create | Villager (Male) |
| 18:42 | Build | House |
| 19:12 | Create | Villager (Male) |
| 19:12 | Create | Villager (Male) |
| 19:47 | Build | Town Center |
| 20:11 | Create | Villager (Male) |
| 20:11 | Create | Villager (Male) |
| 20:30 | Build | Farm |
| 20:34 | Build | Farm |
| 20:53 | Build | Farm |
| 20:57 | Create | Villager (Male) |
| 21:50 | Build | Barracks |
| 21:55 | Build | House |
| 21:56 | Build | House |
| 23:32 | Build | Farm |
| 23:40 | Build | Farm |
| 24:15 | Build | Farm |
| 24:22 | Build | Farm |
| 24:24 | Build | Farm |
| 24:26 | Build | Farm |
| 24:43 | Build | Farm |
| 24:56 | Build | House |
| 24:57 | Build | House |
| 25:07 | Build | Farm |
| 25:29 | Build | Palisade Wall |
| 25:38 | Build | Archery Range |
| 25:51 | Build | House |
| 25:58 | Create | Villager (Male) |
| 25:58 | Create | Villager (Male) |
| 25:58 | Create | Villager (Male) |
| 25:58 | Create | Villager (Male) |
| 26:00 | Create | Villager (Male) |
| 26:02 | Create | Villager (Male) |
| 26:02 | Create | Villager (Male) |
| 26:03 | Create | Villager (Male) |
| 26:38 | Create | Villager (Male) |
| 26:48 | Build | Farm |
| 26:50 | Create | Villager (Male) |
| 26:53 | Build | Farm |
| 26:56 | Build | Farm |
| 27:07 | Build | Farm |
| 27:17 | Build | House |
| 27:18 | Build | House |
| 27:20 | Build | House |
| 27:27 | Build | Farm |
| 27:47 | Build | Palisade Wall |
| 27:53 | Build | Farm |
| 29:02 | Build | House |
| 29:05 | Build | House |
| 29:45 | Build | House |
| 30:13 | Create | Villager (Male) |
| 30:13 | Create | Villager (Male) |
| 30:14 | Create | Villager (Male) |
| 30:46 | Build | Farm |
| 30:55 | Build | Palisade Wall |
| 31:02 | Build | Farm |
| 31:05 | Create | Villager (Male) |
| 31:05 | Create | Villager (Male) |
| 31:16 | Build | House |
| 31:17 | Build | House |
| 31:19 | Build | House |
| 31:38 | Build | Palisade Wall |
| 32:22 | Build | Palisade Wall |
| 32:31 | Build | Farm |
| 32:43 | Build | Stable |
| 32:55 | Create | Villager (Male) |
| 32:55 | Create | Villager (Male) |
| 32:55 | Create | Villager (Male) |
| 32:56 | Create | Villager (Male) |
| 32:58 | Create | Villager (Male) |
| 32:58 | Create | Villager (Male) |
| 32:59 | Create | Villager (Male) |
| 32:59 | Create | Villager (Male) |
| 33:04 | Research | Bow Saw |
| 33:12 | Research | Thumb Ring |
| 33:23 | Research | Gold Mining |
| 33:42 | Build | House |
| 33:51 | Create | Scout Cavalry |
| 33:57 | Build | Farm |
| 34:05 | Build | Mill |
| 34:09 | Build | Farm |
Build order — pouletcuri
First 150 of 352 actions detected
| 0:08 | Build | House |
| 0:11 | Create | Villager (Male) |
| 0:11 | Create | Villager (Male) |
| 0:12 | Create | Villager (Male) |
| 0:12 | Create | Villager (Male) |
| 0:12 | Create | Villager (Male) |
| 2:17 | Create | Villager (Male) |
| 2:18 | Create | Villager (Male) |
| 2:26 | Build | House |
| 3:31 | Build | House |
| 3:32 | Build | House |
| 3:34 | Build | House |
| 3:36 | Build | House |
| 3:43 | Create | Villager (Male) |
| 3:50 | Create | Villager (Male) |
| 3:53 | Create | Villager (Male) |
| 5:09 | Research | Loom |
| 5:40 | Build | Barracks |
| 7:42 | Create | Villager (Male) |
| 7:42 | Create | Villager (Male) |
| 8:25 | Build | House |
| 8:27 | Build | House |
| 8:29 | Build | House |
| 8:32 | Build | House |
| 9:02 | Build | Mill |
| 9:48 | Research | Feudal Age |
| 9:57 | Build | Mining Camp |
| 10:08 | Build | Farm |
| 10:16 | Create | Villager (Male) |
| 10:17 | Create | Villager (Male) |
| 10:17 | Create | Villager (Male) |
| 11:58 | Age | Feudal Age |
| 12:38 | Build | Lumber Camp |
| 13:40 | Create | Villager (Male) |
| 13:41 | Create | Villager (Male) |
| 13:41 | Create | Villager (Male) |
| 13:41 | Create | Villager (Male) |
| 13:41 | Create | Villager (Male) |
| 13:53 | Research | Horse Collar |
| 14:14 | Build | House |
| 14:22 | Build | House |
| 14:37 | Research | Double-Bit Axe |
| 14:44 | Build | House |
| 14:51 | Create | Spearman |
| 14:52 | Create | Spearman |
| 15:08 | Create | Villager (Male) |
| 15:08 | Create | Villager (Male) |
| 15:26 | Build | House |
| 15:28 | Build | House |
| 15:29 | Build | House |
| 15:36 | Build | House |
| 15:38 | Build | House |
| 15:59 | Create | Spearman |
| 16:00 | Create | Spearman |
| 16:31 | Build | Farm |
| 16:50 | Build | House |
| 16:52 | Build | House |
| 16:53 | Build | House |
| 16:55 | Build | House |
| 16:56 | Build | House |
| 17:07 | Build | Farm |
| 17:24 | Build | Farm |
| 17:32 | Build | House |
| 17:34 | Build | House |
| 17:48 | Create | Spearman |
| 17:48 | Create | Spearman |
| 18:39 | Build | Farm |
| 18:51 | Build | Farm |
| 19:24 | Build | Market |
| 19:48 | Build | Farm |
| 21:00 | Build | Farm |
| 21:08 | Build | Farm |
| 21:23 | Build | Mining Camp |
| 22:25 | Build | Stable |
| 23:23 | Research | Castle Age |
| 23:57 | Build | Archery Range |
| 24:04 | Research | Bloodlines |
| 24:07 | Research | Gold Mining |
| 24:08 | Research | Stone Mining |
| 25:59 | Build | Stable |
| 26:03 | Age | Castle Age |
| 26:04 | Build | Stable |
| 26:13 | Create | Knight |
| 26:13 | Create | Knight |
| 26:14 | Create | Knight |
| 26:14 | Create | Knight |
| 26:15 | Create | Knight |
| 26:23 | Create | Villager (Male) |
| 26:23 | Create | Villager (Male) |
| 26:24 | Create | Villager (Male) |
| 26:24 | Create | Villager (Male) |
| 26:24 | Create | Villager (Male) |
| 26:24 | Create | Villager (Male) |
| 26:25 | Create | Villager (Male) |
| 26:44 | Research | Heavy Plow |
| 26:59 | Build | Farm |
| 27:22 | Build | Farm |
| 27:34 | Create | Knight |
| 27:35 | Create | Knight |
| 27:35 | Create | Knight |
| 27:53 | Build | Farm |
| 28:11 | Build | Farm |
| 28:17 | Research | Bow Saw |
| 28:43 | Create | Villager (Male) |
| 28:43 | Create | Villager (Male) |
| 28:57 | Create | Knight |
| 29:27 | Build | Farm |
| 29:37 | Create | Knight |
| 29:38 | Create | Knight |
| 29:41 | Create | Knight |
| 30:06 | Create | Villager (Male) |
| 30:06 | Create | Villager (Male) |
| 30:42 | Create | Villager (Male) |
| 30:43 | Create | Villager (Male) |
| 31:46 | Build | Blacksmith |
| 31:51 | Build | Farm |
| 31:58 | Build | Farm |
| 32:03 | Create | Villager (Male) |
| 32:03 | Create | Villager (Male) |
| 32:03 | Create | Villager (Male) |
| 35:29 | Create | Knight |
| 35:30 | Create | Knight |
| 35:30 | Create | Knight |
| 35:30 | Create | Knight |
| 35:33 | Create | Knight |
| 35:33 | Create | Knight |
| 35:33 | Create | Knight |
| 35:34 | Create | Knight |
| 35:34 | Create | Knight |
| 35:41 | Create | Knight |
| 35:41 | Create | Knight |
| 35:41 | Create | Knight |
| 35:41 | Create | Knight |
| 36:53 | Research | Husbandry |
| 36:57 | Research | Light Cavalry (upgrade) |
| 37:11 | Build | Castle |
| 37:15 | Create | Villager (Male) |
| 37:15 | Create | Villager (Male) |
| 37:16 | Create | Villager (Male) |
| 37:16 | Create | Villager (Male) |
| 37:16 | Create | Villager (Male) |
| 37:23 | Create | Villager (Male) |
| 37:24 | Create | Villager (Male) |
| 37:50 | Create | Knight |
| 37:50 | Create | Knight |
| 37:56 | Create | Knight |
| 37:57 | Create | Knight |
| 37:57 | Create | Knight |
| 37:57 | Create | Knight |
| 38:30 | Research | Scale Barding Armor |
Build order — del1580
First 150 of 263 actions detected
| 0:20 | Build | House |
| 0:22 | Build | House |
| 1:22 | Create | Villager (Male) |
| 1:22 | Create | Villager (Male) |
| 1:22 | Create | Villager (Male) |
| 1:23 | Create | Villager (Male) |
| 3:11 | Create | Villager (Male) |
| 3:11 | Create | Villager (Male) |
| 4:07 | Create | Villager (Male) |
| 4:07 | Create | Villager (Male) |
| 4:52 | Create | Villager (Male) |
| 4:53 | Create | Villager (Male) |
| 6:48 | Create | Villager (Male) |
| 6:49 | Create | Villager (Male) |
| 6:49 | Create | Villager (Male) |
| 7:17 | Build | House |
| 7:20 | Build | House |
| 7:23 | Build | House |
| 7:29 | Build | House |
| 8:36 | Research | Loom |
| 8:37 | Create | Villager (Male) |
| 8:38 | Create | Villager (Male) |
| 8:38 | Create | Villager (Male) |
| 8:38 | Create | Villager (Male) |
| 9:33 | Create | Villager (Male) |
| 9:34 | Create | Villager (Male) |
| 10:56 | Build | Mill |
| 12:26 | Build | Barracks |
| 14:32 | Create | Villager (Male) |
| 14:32 | Create | Villager (Male) |
| 14:33 | Create | Villager (Male) |
| 14:33 | Create | Villager (Male) |
| 14:35 | Research | Feudal Age |
| 15:10 | Build | Mining Camp |
| 15:18 | Create | Militia |
| 15:18 | Create | Militia |
| 15:48 | Build | Lumber Camp |
| 16:08 | Build | Farm |
| 16:09 | Build | Farm |
| 16:11 | Build | Farm |
| 16:13 | Build | Farm |
| 16:15 | Build | Farm |
| 16:17 | Build | Farm |
| 16:19 | Build | Farm |
| 16:23 | Build | Farm |
| 17:28 | Build | Lumber Camp |
| 18:32 | Research | Wheelbarrow |
| 19:15 | Build | Farm |
| 19:17 | Build | Farm |
| 19:29 | Build | Stable |
| 20:00 | Build | Blacksmith |
| 20:22 | Create | Villager (Male) |
| 20:22 | Create | Villager (Male) |
| 20:48 | Build | House |
| 20:50 | Build | House |
| 20:51 | Build | House |
| 20:54 | Build | House |
| 20:58 | Build | House |
| 21:50 | Create | Scout Cavalry |
| 22:17 | Create | Villager (Male) |
| 22:18 | Create | Villager (Male) |
| 22:18 | Create | Villager (Male) |
| 25:02 | Build | House |
| 25:51 | Build | House |
| 26:03 | Create | Villager (Male) |
| 26:21 | Build | Farm |
| 26:22 | Build | Farm |
| 26:24 | Build | Farm |
| 26:26 | Build | Farm |
| 26:28 | Build | Farm |
| 33:05 | Build | Town Center |
| 34:27 | Create | Villager (Male) |
| 34:27 | Create | Villager (Male) |
| 34:51 | Build | Farm |
| 34:53 | Build | Farm |
| 34:55 | Build | Farm |
| 35:29 | Build | Farm |
| 36:34 | Create | Villager (Male) |
| 38:08 | Build | Mining Camp |
| 38:15 | Create | Villager (Male) |
| 38:30 | Build | Farm |
| 38:33 | Build | Farm |
| 38:36 | Build | Farm |
| 38:48 | Create | Villager (Male) |
| 39:13 | Build | Mill |
| 40:25 | Create | Villager (Male) |
| 40:25 | Create | Villager (Male) |
| 40:25 | Create | Villager (Male) |
| 40:39 | Build | Lumber Camp |
| 40:57 | Build | House |
| 40:58 | Build | House |
| 41:00 | Build | House |
| 41:08 | Build | House |
| 41:36 | Create | Villager (Male) |
| 41:37 | Create | Villager (Male) |
| 43:06 | Build | House |
| 43:10 | Build | House |
| 43:12 | Build | House |
| 43:32 | Build | Stable |
| 43:45 | Build | Farm |
| 43:50 | Build | Farm |
| 43:54 | Build | Farm |
| 43:56 | Build | Farm |
| 44:04 | Create | Villager (Male) |
| 44:04 | Create | Villager (Male) |
| 44:04 | Create | Villager (Male) |
| 44:04 | Create | Villager (Male) |
| 44:05 | Create | Villager (Male) |
| 44:05 | Create | Villager (Male) |
| 44:05 | Create | Villager (Male) |
| 44:49 | Build | Farm |
| 45:18 | Build | Farm |
| 45:29 | Build | Farm |
| 45:48 | Create | Villager (Male) |
| 45:48 | Create | Villager (Male) |
| 45:49 | Create | Villager (Male) |
| 47:22 | Build | Blacksmith |
| 48:32 | Create | Villager (Male) |
| 48:32 | Create | Villager (Male) |
| 48:32 | Create | Villager (Male) |
| 48:32 | Create | Villager (Male) |
| 48:33 | Create | Villager (Male) |
| 48:33 | Create | Villager (Male) |
| 48:34 | Create | Villager (Male) |
| 48:34 | Create | Villager (Male) |
| 48:34 | Create | Villager (Male) |
| 49:08 | Build | Farm |
| 49:11 | Build | Farm |
| 49:32 | Research | Castle Age |
| 49:47 | Build | House |
| 49:50 | Build | House |
| 49:56 | Build | House |
| 50:06 | Build | House |
| 50:09 | Build | House |
| 50:14 | Build | House |
| 50:54 | Build | Blacksmith |
| 51:11 | Create | Villager (Male) |
| 51:11 | Create | Villager (Male) |
| 51:12 | Create | Villager (Male) |
| 51:12 | Create | Villager (Male) |
| 51:12 | Create | Villager (Male) |
| 51:13 | Create | Villager (Male) |
| 51:13 | Create | Villager (Male) |
| 51:13 | Create | Villager (Male) |
| 51:13 | Create | Villager (Male) |
| 51:59 | Build | Stable |
| 52:22 | Create | Scout Cavalry |
| 52:35 | Research | Hand Cart |
| 52:43 | Create | Villager (Male) |
| 52:44 | Create | Villager (Male) |
Build order —
First 150 of 937 actions detected
| 0:00 | Build | House |
| 0:02 | Build | House |
| 1:41 | Build | Lumber Camp |
| 3:47 | Build | House |
| 4:15 | Build | Mill |
| 5:53 | Build | House |
| 6:24 | Build | Lumber Camp |
| 7:51 | Research | Tech None |
| 7:51 | Build | House |
| 8:42 | Build | Barracks |
| 10:07 | Research | Tech None |
| 10:07 | Research | Tech None |
| 10:07 | Build | Stable |
| 10:19 | Research | Tech None |
| 10:31 | Build | Farm |
| 10:45 | Build | Farm |
| 10:50 | Create | Scout Cavalry |
| 11:02 | Build | Farm |
| 11:12 | Build | Farm |
| 11:31 | Build | Farm |
| 11:42 | Build | Farm |
| 11:55 | Build | House |
| 12:07 | Build | Farm |
| 12:19 | Build | Farm |
| 12:29 | Create | Scout Cavalry |
| 12:38 | Build | Farm |
| 13:03 | Build | House |
| 13:07 | Build | Farm |
| 13:16 | Build | Farm |
| 13:35 | Build | Farm |
| 13:36 | Build | Farm |
| 13:57 | Build | Farm |
| 14:04 | Build | Farm |
| 14:11 | Build | Farm |
| 14:24 | Build | Farm |
| 14:42 | Build | House |
| 14:50 | Build | Mining Camp |
| 15:08 | Build | Farm |
| 15:34 | Build | Blacksmith |
| 15:49 | Build | Farm |
| 15:55 | Build | Lumber Camp |
| 16:18 | Build | House |
| 16:23 | Build | Farm |
| 16:48 | Build | Farm |
| 17:18 | Research | Tech None |
| 17:34 | Research | Tech None |
| 19:08 | Research | Tech None |
| 19:44 | Build | Market |
| 20:14 | Research | Tech None |
| 20:14 | Research | Tech None |
| 20:14 | Build | Town Center |
| 20:15 | Research | Tech None |
| 20:15 | Build | Town Center |
| 20:15 | Build | Stable |
| 20:32 | Build | House |
| 20:33 | Build | House |
| 20:59 | Create | Knight |
| 21:00 | Build | Monastery |
| 21:22 | Create | Spearman |
| 21:25 | Create | Knight |
| 21:30 | Build | House |
| 21:31 | Build | House |
| 21:54 | Build | Farm |
| 21:54 | Build | Farm |
| 22:14 | Build | Stable |
| 22:28 | Build | Farm |
| 22:48 | Build | Stable |
| 23:03 | Build | Farm |
| 23:10 | Build | Farm |
| 23:21 | Research | Tech None |
| 23:43 | Build | Farm |
| 23:44 | Build | Farm |
| 23:59 | Build | Farm |
| 23:59 | Build | Farm |
| 23:59 | Build | House |
| 24:04 | Build | House |
| 24:10 | Build | Farm |
| 24:16 | Build | Mining Camp |
| 24:30 | Build | House |
| 24:32 | Research | Tech None |
| 24:34 | Build | Farm |
| 24:49 | Build | Farm |
| 24:50 | Build | House |
| 25:00 | Build | Farm |
| 25:23 | Build | Farm |
| 25:25 | Build | Lumber Camp |
| 25:26 | Build | Farm |
| 25:42 | Build | Siege Workshop |
| 25:54 | Build | Farm |
| 26:01 | Build | Farm |
| 26:08 | Build | Farm |
| 26:13 | Build | Farm |
| 26:20 | Build | Farm |
| 26:33 | Build | Farm |
| 26:40 | Build | House |
| 26:41 | Build | House |
| 26:46 | Build | Farm |
| 26:49 | Build | Farm |
| 26:53 | Build | Farm |
| 27:01 | Build | Farm |
| 27:19 | Build | Farm |
| 27:22 | Build | Farm |
| 27:27 | Build | Farm |
| 27:29 | Build | Farm |
| 27:30 | Research | Tech None |
| 27:31 | Research | Tech None |
| 27:31 | Research | Tech None |
| 28:09 | Research | Tech None |
| 28:12 | Research | Tech None |
| 28:28 | Build | Mining Camp |
| 28:28 | Build | Mill |
| 28:29 | Build | House |
| 28:29 | Build | House |
| 28:30 | Build | House |
| 28:40 | Research | Tech None |
| 28:56 | Research | Tech None |
| 28:58 | Build | University |
| 28:59 | Build | House |
| 29:10 | Build | Barracks |
| 29:25 | Build | Market |
| 29:40 | Build | Town Center |
| 29:43 | Build | Farm |
| 29:50 | Build | House |
| 29:50 | Build | House |
| 29:52 | Build | House |
| 29:53 | Build | Farm |
| 29:58 | Build | Farm |
| 30:02 | Build | Farm |
| 30:06 | Build | Farm |
| 30:14 | Build | Farm |
| 30:19 | Build | Farm |
| 30:21 | Build | Farm |
| 30:25 | Build | Farm |
| 30:35 | Create | Scorpion |
| 30:41 | Create | Knight |
| 30:42 | Research | Tech None |
| 30:42 | Create | Knight |
| 30:43 | Build | Lumber Camp |
| 30:50 | Create | Knight |
| 30:59 | Build | Barracks |
| 31:00 | Create | Knight |
| 31:23 | Create | Knight |
| 31:24 | Build | Barracks |
| 31:33 | Build | Farm |
| 31:34 | Build | Farm |
| 31:37 | Build | Farm |
| 31:45 | Build | Barracks |
| 31:52 | Research | Tech None |
| 31:56 | Build | Farm |
| 32:03 | Build | Farm |
Build order —
First 150 of 372 actions detected
| 0:00 | Build | House |
| 0:02 | Build | House |
| 1:42 | Build | Lumber Camp |
| 3:47 | Build | House |
| 4:12 | Build | Mill |
| 5:47 | Build | Lumber Camp |
| 6:43 | Research | Tech None |
| 8:21 | Research | Tech None |
| 8:21 | Build | House |
| 8:29 | Build | Barracks |
| 10:29 | Build | Farm |
| 10:33 | Build | Stable |
| 10:34 | Research | Tech None |
| 10:35 | Research | Tech None |
| 10:49 | Build | Farm |
| 11:07 | Build | Farm |
| 11:14 | Create | Scout Cavalry |
| 11:22 | Build | Farm |
| 11:36 | Build | Farm |
| 11:48 | Build | House |
| 12:06 | Build | Farm |
| 12:19 | Build | Farm |
| 12:27 | Create | Scout Cavalry |
| 12:37 | Build | House |
| 12:56 | Build | Mining Camp |
| 13:05 | Build | Farm |
| 13:20 | Build | Farm |
| 13:48 | Build | Archery Range |
| 13:54 | Build | House |
| 14:05 | Build | Farm |
| 14:18 | Build | Farm |
| 14:55 | Build | Lumber Camp |
| 15:08 | Research | Tech None |
| 15:08 | Create | Archer |
| 15:08 | Build | Farm |
| 15:29 | Build | Lumber Camp |
| 15:43 | Create | Archer |
| 16:06 | Build | Archery Range |
| 16:14 | Build | House |
| 16:19 | Build | House |
| 16:28 | Build | House |
| 17:07 | Build | Blacksmith |
| 17:16 | Create | Archer |
| 17:47 | Build | Farm |
| 17:49 | Research | Tech None |
| 18:06 | Build | Farm |
| 18:12 | Build | Farm |
| 18:19 | Research | Tech None |
| 18:29 | Research | Tech None |
| 18:41 | Build | Farm |
| 18:53 | Build | Farm |
| 19:03 | Build | Farm |
| 19:18 | Build | Farm |
| 19:22 | Build | House |
| 19:28 | Build | House |
| 19:45 | Build | Farm |
| 19:51 | Create | Archer |
| 19:52 | Create | Archer |
| 20:13 | Build | Farm |
| 20:21 | Research | Tech None |
| 20:23 | Build | Mining Camp |
| 21:08 | Build | Archery Range |
| 21:28 | Create | Archer |
| 21:28 | Create | Skirmisher |
| 21:28 | Build | Lumber Camp |
| 21:51 | Create | Archer |
| 21:51 | Create | Skirmisher |
| 22:42 | Build | House |
| 22:43 | Build | House |
| 23:02 | Research | Tech None |
| 23:03 | Research | Tech None |
| 23:07 | Build | Town Center |
| 23:10 | Research | Tech None |
| 23:58 | Build | Town Center |
| 24:29 | Research | Tech None |
| 24:46 | Research | Tech None |
| 25:16 | Research | Tech None |
| 25:18 | Build | House |
| 25:18 | Build | House |
| 25:32 | Build | Farm |
| 25:41 | Build | Farm |
| 25:45 | Build | Farm |
| 26:00 | Build | Farm |
| 26:37 | Build | Farm |
| 26:49 | Build | Lumber Camp |
| 26:49 | Build | Mill |
| 26:50 | Build | Farm |
| 26:51 | Build | Farm |
| 26:53 | Build | Farm |
| 26:54 | Build | Farm |
| 26:56 | Build | Farm |
| 27:14 | Build | Farm |
| 27:20 | Build | Farm |
| 27:35 | Build | Farm |
| 27:35 | Build | Farm |
| 27:42 | Build | Farm |
| 27:59 | Build | Mill |
| 28:38 | Build | Blacksmith |
| 28:50 | Build | Stable |
| 29:30 | Build | Lumber Camp |
| 29:35 | Build | Barracks |
| 29:49 | Build | Lumber Camp |
| 30:10 | Build | Town Center |
| 30:33 | Research | Tech None |
| 31:46 | Build | Siege Workshop |
| 31:48 | Create | Spearman |
| 32:35 | Build | Town Center |
| 32:53 | Build | Town Center |
| 35:13 | Build | Farm |
| 36:23 | Build | Mill |
| 38:09 | Build | Lumber Camp |
| 39:43 | Create | Skirmisher |
| 39:45 | Build | Blacksmith |
| 40:15 | Build | Farm |
| 40:46 | Build | Monastery |
| 41:28 | Build | Farm |
| 41:47 | Create | Skirmisher |
| 42:28 | Create | Knight |
| 42:28 | Create | Skirmisher |
| 42:49 | Create | Skirmisher |
| 42:51 | Build | Barracks |
| 43:10 | Build | Market |
| 43:51 | Build | Town Center |
| 44:35 | Build | Palisade Wall |
| 46:21 | Build | Farm |
| 46:46 | Build | Farm |
| 47:13 | Build | Farm |
| 47:36 | Build | Farm |
| 47:54 | Build | Farm |
| 48:27 | Build | Farm |
| 48:33 | Create | Monk |
| 48:42 | Build | Farm |
| 49:25 | Build | Farm |
| 50:12 | Create | Monk |
| 50:39 | Build | Mill |
| 51:29 | Build | Farm |
| 51:43 | Build | Farm |
| 53:00 | Create | Knight |
| 53:08 | Build | Town Center |
| 54:17 | Build | Town Center |
| 55:02 | Create | Knight |
| 55:21 | Build | Farm |
| 55:32 | Build | Farm |
| 56:21 | Build | Farm |
| 56:24 | Build | Farm |
| 56:40 | Build | Farm |
| 56:47 | Create | Knight |
| 57:05 | Create | Monk |
| 57:05 | Create | Mangonel |
| 57:05 | Build | Lumber Camp |
Build order —
First 150 of 1355 actions detected
| 0:00 | Build | House |
| 0:02 | Build | House |
| 1:42 | Build | Lumber Camp |
| 3:46 | Build | House |
| 4:44 | Build | Barracks |
| 5:13 | Build | House |
| 6:36 | Build | Mill |
| 6:41 | Research | Tech None |
| 7:03 | Build | House |
| 7:26 | Build | Farm |
| 7:58 | Build | Farm |
| 8:35 | Build | Farm |
| 9:11 | Build | House |
| 9:31 | Build | Mining Camp |
| 10:01 | Build | Farm |
| 10:19 | Build | Farm |
| 10:54 | Build | Farm |
| 10:54 | Research | Tech None |
| 10:59 | Build | House |
| 11:30 | Build | Farm |
| 11:39 | Build | Farm |
| 12:10 | Build | Lumber Camp |
| 13:26 | Build | Archery Range |
| 13:27 | Research | Tech None |
| 13:37 | Build | Blacksmith |
| 14:00 | Build | Farm |
| 14:09 | Build | Farm |
| 14:16 | Build | House |
| 14:52 | Build | Farm |
| 14:58 | Research | Tech None |
| 15:30 | Research | Tech None |
| 15:36 | Build | Archery Range |
| 16:04 | Research | Tech None |
| 16:05 | Build | Farm |
| 16:07 | Build | Farm |
| 16:39 | Create | Archer |
| 17:01 | Build | Farm |
| 17:14 | Create | Archer |
| 17:27 | Create | Archer |
| 17:37 | Build | Farm |
| 17:39 | Research | Tech None |
| 17:39 | Research | Tech None |
| 17:54 | Build | Town Center |
| 17:55 | Build | House |
| 17:58 | Build | House |
| 18:47 | Build | Archery Range |
| 18:59 | Create | Archer |
| 19:02 | Research | Tech None |
| 19:03 | Create | Archer |
| 20:16 | Create | Archer |
| 20:16 | Build | Town Center |
| 20:18 | Build | Town Center |
| 20:54 | Research | Tech None |
| 20:55 | Build | House |
| 20:57 | Build | House |
| 21:06 | Build | Farm |
| 21:16 | Build | Farm |
| 21:34 | Build | Farm |
| 21:44 | Build | Farm |
| 22:14 | Build | Monastery |
| 22:44 | Research | Tech None |
| 22:56 | Build | Market |
| 23:00 | Create | Monk |
| 23:23 | Build | University |
| 23:33 | Build | Farm |
| 23:42 | Build | Farm |
| 23:44 | Build | Farm |
| 23:49 | Build | Farm |
| 23:59 | Build | House |
| 24:01 | Build | House |
| 24:12 | Build | Archery Range |
| 24:19 | Build | Farm |
| 24:32 | Build | Farm |
| 24:34 | Build | House |
| 24:38 | Build | House |
| 24:48 | Build | Farm |
| 24:53 | Build | Farm |
| 24:55 | Build | Farm |
| 25:05 | Build | Farm |
| 25:16 | Build | Farm |
| 25:26 | Research | Tech None |
| 25:30 | Build | Farm |
| 25:35 | Build | Farm |
| 25:41 | Build | Farm |
| 25:53 | Build | Farm |
| 26:01 | Build | Farm |
| 26:31 | Research | Tech None |
| 26:34 | Research | Tech None |
| 26:34 | Build | House |
| 26:35 | Build | House |
| 26:40 | Build | Farm |
| 26:46 | Build | Farm |
| 26:51 | Build | Farm |
| 26:58 | Build | Farm |
| 27:09 | Research | Tech None |
| 27:09 | Build | Farm |
| 27:15 | Build | Farm |
| 27:17 | Build | Farm |
| 27:21 | Build | Farm |
| 27:24 | Build | Farm |
| 27:49 | Build | Farm |
| 27:55 | Build | Farm |
| 27:58 | Build | Farm |
| 27:59 | Build | House |
| 28:02 | Build | House |
| 28:03 | Build | Farm |
| 28:07 | Build | Lumber Camp |
| 28:08 | Research | Tech None |
| 28:16 | Build | Lumber Camp |
| 28:20 | Build | Farm |
| 28:44 | Build | Farm |
| 28:49 | Create | Spearman |
| 28:52 | Build | Farm |
| 28:55 | Build | Farm |
| 28:59 | Build | Mining Camp |
| 29:04 | Build | Farm |
| 29:14 | Build | House |
| 29:15 | Build | House |
| 29:19 | Build | Farm |
| 29:21 | Build | Farm |
| 29:28 | Research | Tech None |
| 29:32 | Research | Tech None |
| 29:33 | Build | Farm |
| 29:34 | Build | House |
| 29:39 | Research | Tech None |
| 29:42 | Build | Mill |
| 29:45 | Build | House |
| 30:03 | Research | Tech None |
| 30:08 | Build | Farm |
| 30:11 | Research | Tech None |
| 30:12 | Build | Farm |
| 30:18 | Build | Mill |
| 30:27 | Research | Tech None |
| 30:29 | Build | Farm |
| 30:34 | Build | Farm |
| 30:34 | Build | Farm |
| 30:35 | Build | Farm |
| 30:35 | Build | House |
| 30:36 | Build | House |
| 30:44 | Build | House |
| 30:51 | Research | Tech None |
| 30:56 | Build | Farm |
| 30:57 | Build | Farm |
| 31:03 | Build | Mill |
| 31:08 | Build | Farm |
| 31:11 | Build | Farm |
| 31:17 | Build | Mill |
| 31:22 | Research | Tech None |
| 31:28 | Build | Farm |
| 31:35 | Create | Monk |
Match timeline
| 4:44 | · first_building Barracks |
| 5:40 | pouletcuri · first_building Barracks |
| 8:29 | · first_building Barracks |
| 8:42 | · first_building Barracks |
| 9:34 | gigathib · first_building Barracks |
| 10:07 | · first_building Stable |
| 10:33 | · first_building Stable |
| 10:36 | gigathib · age_up feudal |
| 10:46 | bisonfufu · age_up feudal |
| 11:38 | gigathib · wall_segment Palisade Wall x2 |
| 11:58 | pouletcuri · age_up feudal |
| 12:26 | del1580 · first_building Barracks |
| 12:26 | gigathib · first_building Stable |
| 13:26 | · first_building Archery Range |
| 13:48 | · first_building Archery Range |
| 13:49 | gigathib · wall_segment Palisade Wall x10 |
| 14:06 | AOKI_JunioR · age_up feudal |
| 14:30 | gigathib · wall_segment Palisade Wall x10 |
| 15:33 | AOKI_JunioR · first_building Barracks |
| 15:35 | bisonfufu · age_up castle |
| 16:38 | gigathib · wall_segment Palisade Wall x10 |
| 17:36 | AOKI_JunioR · age_up castle |
| 17:41 | AOKI_JunioR · first_building Siege Workshop |
| 18:14 | AOKI_JunioR · first_building Monastery |
| 19:29 | del1580 · first_building Stable |
| 21:00 | · first_building Monastery |
| 21:11 | AOKI_JunioR · first_building Archery Range |
| 21:50 | bisonfufu · first_building Barracks |
| 22:14 | · first_building Monastery |
| 22:25 | pouletcuri · first_building Stable |
| 22:26 | AOKI_JunioR · age_up imperial |
| 23:57 | pouletcuri · first_building Archery Range |
| 25:25 | gigathib · age_up castle |
| 25:29 | bisonfufu · wall_segment Palisade Wall x9 |
| 25:38 | bisonfufu · first_building Archery Range |
| 25:42 | · first_building Siege Workshop |
| 26:03 | pouletcuri · age_up castle |
| 26:34 | · first_market_buy 100 food |
| 27:44 | gigathib · first_building Siege Workshop |
| 27:47 | bisonfufu · wall_segment Palisade Wall x5 |
| 30:55 | bisonfufu · wall_segment Palisade Wall x8 |
| 31:38 | bisonfufu · wall_segment Palisade Wall x1 |
| 31:46 | · first_building Siege Workshop |
| 31:47 | · first_market_buy 100 food |
| 32:22 | bisonfufu · wall_segment Palisade Wall x11 |
| 32:43 | bisonfufu · first_building Stable |
| 32:55 | · first_building Siege Workshop |
| 33:45 | · first_building Castle |
| 34:37 | bisonfufu · first_building Castle |
| 34:51 | gigathib · first_building Archery Range |
| 35:19 | · first_building Archery Range |
| 36:20 | · first_building Castle |
| 37:11 | pouletcuri · first_building Castle |
| 39:59 | · first_market_sell 100 food |
| 40:30 | · first_market_sell 100 stone |
| 40:46 | · first_building Monastery |
| 40:47 | gigathib · wall_segment Palisade Wall x11 |
| 40:57 | gigathib · wall_segment Stone Wall x4 |
| 41:37 | gigathib · first_building Castle |
| 42:49 | gigathib · wall_segment Stone Wall x10 |
| 42:54 | gigathib · wall_segment Stone Wall x7 |
| 44:35 | · wall_segment Palisade Wall x2 |
| 51:44 | gigathib · first_market_buy 100 wood |
| 53:26 | AOKI_JunioR · first_building Castle |
| 55:57 | AOKI_JunioR · first_building Stable |
| 60:58 | pouletcuri · age_up imperial |
| 64:17 | del1580 · first_market_buy 100 stone |
| 64:41 | del1580 · first_building Castle |
| 72:00 | · first_market_sell 100 food |
| 72:02 | AOKI_JunioR · first_market_sell 100 food |
| 72:48 | · first_building Castle |
| 73:04 | gigathib · age_up imperial |
| 75:03 | bisonfufu · first_building Siege Workshop |
| 75:20 | del1580 · first_market_sell 100 food |
| 77:41 | bisonfufu · resign |
[ AI ANALYSIS · 1 CREDIT ]
What really happened in this match?
Wolo.gg analyzes every decision: build order, eco, micro, common mistakes by bracket. Personalized analysis on WhatsApp or Discord in 30 seconds.
Civ guide
Portuguese
Map guide
Arabia
Perfil
Jugador #9920607